 Dungeon Crawl Stone Soup version 0.31-a0-182-gc5ef74bbde (webtiles) character file.

Game seed: 4606252250921313835

1878 2FriedEggs the Skirmisher (level 9, 0/49 HPs)
             Began as a Kobold Artificer on June 20, 2023.
             Killed by nerve-wracking pain
             ... invoked by a shadow imp
              (13 damage)
             ... on level 6 of the Dungeon.
             The game lasted 00:17:16 (6567 turns).

2FriedEggs the Skirmisher (Kobold Artificer)        Turns: 6567, Time: 00:17:17

Health: 0/49       AC:  6    Str:  9      XL:     9   Next: 36%
Magic:  9/9        EV: 14    Int: 11 (12) God:
Gold:   189        SH:  0    Dex: 20      Spells: 8/8 levels left

rFire   . . .        E - +0 shortbow
rCold   + . .        (shield currently unavailable)
rNeg    . . .        b - +0 leather armour
rPois   .            (no helmet)
rElec   .            y - +1 cloak
rCorr   .            q - +0 pair of gloves
SInv    .            (no boots)
Will    .....        C - amulet of regeneration
Stlth   +++          e - ring of protection from cold
HPRegen 1.08/turn    (no ring)
MPRegen 0.11/turn

%: no passive effects
@: lethally poisoned (0 -> -1)
A: small, no large weapons, nightstalker 3
a: no special abilities


You were on level 6 of the Dungeon.
You visited 2 branches of the dungeon, and saw 8 of its levels.

You collected 189 gold pieces.

Inventory:

Hand Weapons
 E - a +0 shortbow (weapon)
Missiles
 p - 5 silver javelins
Armour
 b - a +0 leather armour (worn)
 q - a +0 pair of gloves (worn)
 y - a +1 cloak (worn)
Jewellery
 e - a ring of protection from cold (left hand)
 s - an amulet of magic regeneration
 C - an amulet of regeneration (around neck)
Wands
 d - a wand of charming (10)
Scrolls
 h - a scroll of noise {unknown}
 k - a scroll of enchant armour
 l - 4 scrolls of revelation
 m - a scroll of vulnerability {unknown}
 n - 2 scrolls of identify {unknown}
 t - a scroll of fear {unknown}
 u - 2 scrolls of enchant weapon {unknown}
 w - 4 scrolls of teleportation
 D - 2 scrolls of blinking {unknown}
Potions
 a - a potion of haste {unknown}
 o - a potion of might
 z - 7 potions of heal wounds
 B - a potion of mutation {unknown}


   Skills:
 - Level 2.7 Fighting
 * Level 11.3 Ranged Weapons
 - Level 0.7 Armour
 - Level 2.4 Dodging
 - Level 1.3 Stealth
 + Level 9.3 Evocations


You had 8 spell levels left.
You didn't know any spells.
Your spell library contained the following spells:

 Spells                   Type           Power      Damage    Failure   Level
 Apportation              Tloc           0%         N/A       43%         1
 Beastly Appendage        Tmut           0%         N/A       43%         1
 Necrotise                Necr           0%         1d4       43%         1
 Summon Small Mammal      Summ           0%         N/A       43%         1
 Wereblood                Tmut           0%         N/A       58%         2
 Spider Form              Tmut/Pois      0%         N/A       82%         3


Dungeon Overview and Level Annotations

Branches:
Dungeon (7/15)             Temple (1/1) D:4

Altars:
Ashenzari
Cheibriados
Dithmenos
Elyvilon
Fedhas
Gozag
Kikubaaqudgha
Makhleb
Okawaru
Qazlal
Ru
Sif Muna
Uskayaw
Wu Jian
Xom
Yredelemnul
Zin
The Shining One

Shops:
D:3 (


Innate Abilities, Weirdness & Mutations

You are small and have problems with some larger weapons.
You are completely attuned to the shadows.


Message History

The arrow hits the killer bee but does no damage.
The killer bee is almost dead.
You feel sick.
The killer bee stings you but does no damage.
Fire: E) +0 shortbow
Press: ? - help, Q - select action, (/) - cycle Shift-Dir - straight line, f/p - killer bee
Aim: a killer bee (almost dead, 45% to hit)
You shoot an arrow. The arrow hits the killer bee.
You kill the killer bee!
You feel sick.
Fire: E) +0 shortbow
Press: ? - help, Q - select action, (/) - cycle Shift-Dir - straight line, f - shadow imp
Aim: a shadow imp (65% to hit)
You shoot an arrow.
The arrow hits the shadow imp but does no damage.
You feel sick. The shadow imp barely misses you.
Fire: E) +0 shortbow
Press: ? - help, Q - select action, (/) - cycle Shift-Dir - straight line, f/p - shadow imp
Aim: a shadow imp (65% to hit)
You shoot an arrow.
The arrow closely misses the shadow imp.
You feel sick. The shadow imp completely misses you.
Fire: E) +0 shortbow
Press: ? - help, Q - select action, (/) - cycle Shift-Dir - straight line, f/p - shadow imp
Aim: a shadow imp (65% to hit)
You shoot an arrow.
The arrow closely misses the shadow imp.
You feel sick.
You hear an angry buzzing noise.
The shadow imp completely misses you.
Fire: E) +0 shortbow
Press: ? - help, Q - select action, (/) - cycle Shift-Dir - straight line, f/p - shadow imp
Aim: a shadow imp (65% to hit)
You shoot an arrow.
The arrow closely misses the shadow imp.
You feel sick.
You hear an angry buzzing noise.
The shadow imp gestures at you. Pain shoots through your body!
You die...

## ## .##
.. .. #..
.. ... #. #
#.# .#
#.##.
#.##.##.#
#...<
#....@5?#
###.)
####.####
#.###.#
#.......#
#.....#
#.......#
#####.#
#.......##
####### #..
#........#
#.....# #.#
#........#
#.....###.#
.......#
#......##.#
.......#
#......##.#


You could see a shadow imp.

Vanquished Creatures
  Grinder (D:5)
  A wraith (D:6)
  Duvessa (D:5)
  2 black bears
  An ogre (D:5)
  A centaur (D:5)
  A phantom (D:4)
  5 scorpions
  Dowan (D:5)
  2 killer bees (D:6)
  A howler monkey (D:5)
  A jelly (D:5)
  6 hounds
  2 orc priests
  2 sleepcaps
  An iguana (D:5)
  An orc wizard (D:4)
  7 adders
  A shadow imp (D:6)
  An ufetubus (D:4)
  A worm (D:2)
  A dart slug (D:1)
  15 orcs
  3 bats (D:2)
  3 endoplasms (D:4)
  13 goblins
  6 hobgoblins
  9 jackals
  4 kobolds
  5 quokkas
  5 ball pythons
  A frilled lizard (D:2)
  6 rats
111 creatures vanquished.

Vanquished Creatures (others)
  A black bear (D:5)
  A jelly (D:5)
  An adder (D:5)
  2 orcs (D:5)
5 creatures vanquished.

Grand Total: 116 creatures vanquished

Notes
Turn   | Place    | Note
-------+----------+-------------------------------------------
     0 | D:1      | 2FriedEggs the Kobold Artificer began the quest for the
                  | Orb.
     0 | D:1      | Reached XP level 1. HP: 12/12 MP: 1/1
   333 | D:1      | Reached XP level 2. HP: 16/16 MP: 2/2
  1145 | D:2      | Found a hide-covered altar of Uskayaw.
  1165 | D:2      | Reached XP level 3. HP: 18/21 MP: 3/3
  1260 | D:2      | Found a faded altar of an unknown god.
  1359 | D:2      | Reached skill level 5 in Evocations
  1359 | D:2      | Reached XP level 4. HP: 20/27 MP: 4/4
  1685 | D:3      | Found an opulent altar of Gozag.
  2452 | D:3      | Found Uqol's Antique Weapon Shoppe.
  2595 | D:3      | Found a blossoming altar of Fedhas.
  2677 | D:3      | Found a faded altar of an unknown god.
  2678 | D:3      | Found a white marble altar of Elyvilon.
  2863 | D:4      | You fall into a shaft and drop 3 floors!
  2886 | D:7      | Reached skill level 1 in Ranged Weapons
  2886 | D:7      | Reached XP level 5. HP: 26/31 MP: 5/5
  2926 | D:6      | Noticed an ogre
  2931 | D:5      | Entered Level 5 of the Dungeon
  2931 | D:5      | Noticed Dowan
  2964 | D:5      | Reached skill level 2 in Ranged Weapons
  2964 | D:5      | Noticed a black bear
  2970 | D:5      | Reached skill level 3 in Ranged Weapons
  2987 | D:5      | Noticed Duvessa
  3019 | D:5      | Killed Duvessa
  3020 | D:5      | Reached skill level 4 in Ranged Weapons
  3020 | D:5      | Reached XP level 6. HP: 36/36 MP: 6/6
  3022 | D:5      | Killed Dowan
  3100 | D:5      | Reached skill level 5 in Ranged Weapons
  3213 | D:5      | Reached XP level 7. HP: 32/40 MP: 7/7
  3260 | D:5      | HP: 2/40 [poisoned by a scorpion]
  3624 | D:4      | Reached skill level 6 in Ranged Weapons
  3809 | D:4      | Found a shimmering altar of Xom.
  3846 | D:4      | Found a staircase to the Ecumenical Temple.
  3930 | Temple   | Entered the Ecumenical Temple
  4244 | D:4      | Reached skill level 7 in Ranged Weapons
  4642 | D:4      | Reached XP level 8. HP: 39/45 MP: 8/8
  4807 | D:4      | Reached skill level 8 in Ranged Weapons
  5106 | D:5      | Found a glowing golden altar of the Shining One.
  5158 | D:5      | Reached skill level 9 in Ranged Weapons
  5294 | D:5      | Noticed Grinder
  5296 | D:5      | Paralysed by Grinder for 3 turns
  5324 | D:5      | Killed Grinder
  5833 | D:5      | Reached XP level 9. HP: 30/49 MP: 9/9
  6031 | D:6      | Identified the +4 whip "Abloril" {protect, rElec Int+3
                  | Dex+3}
  6065 | D:6      | Found a glowing silver altar of Zin.
  6091 | D:6      | Reached skill level 10 in Ranged Weapons
  6136 | D:6      | Found a shimmering blue altar of Sif Muna.
  6239 | D:6      | Found an ancient bone altar of Kikubaaqudgha.
  6365 | D:6      | Reached skill level 11 in Ranged Weapons
  6567 | D:6      | Killed from afar by a shadow imp

Illustrated notes

Levels and vault maps discovered:
D:1:      scummos_arrival_gate, layout_basic, roderic_serpentine_path
D:2:      layout_basic, ebering_ecumenical_altar_abandoned, basic_altar
D:3:      layout_loops_ring, nicolae_overflow_ecumenical_swirl,
          grunt_gozag_statues, mainiacjoe_overflow_surrounded_room,
          serial_shops, shop, kennysheep_generic_room_10
D:4:      layout_basic, kennysheep_mini_moat, temple_doors_cd
D:5:      layout_rooms, mainiacjoe_overflow_cross_hatched, minmay_ogre_servants,
          uniq_duvessa, uniq_grinder
D:6:      layout_loops_cross, kiku_gazebo_garden_becter, zin_scriptorium,
          mainiacjoe_overflow_tiny_flanked, patterned_corridor
D:7:      layout_layer_cave
Temple:   nicolae_temple_bog_church

Skill      XL: |  1  2  3  4  5  6  7  8  9 |
---------------+----------------------------+-----
Evocations     | 4 5 6 7 8 9 |  9.3
Fighting       | 2 |  2.7
Ranged Weapons | 1 4 5 7 9 11 | 11.3
Armour         | |  0.7
Dodging        | |  2.4
Stealth        | |  1.3

Action                     |  1- 3 |  4- 6 |  7- 9 || total
---------------------------+-------+-------+-------++-------
  Melee: Club              |    26 |       |       ||    26
         War axe           |    50 |    68 |       ||   118
         Punch             |     1 |       |       ||     1
   Fire: Sling             |       |    55 |   193 ||   248
         Shortbow          |       |       |   114 ||   114
  Evoke: Wand              |     1 |    13 |    11 ||    25
    Use: Potion            |     1 |       |     7 ||     8
         Scroll            |       |     2 |     3 ||     5
   Stab: Sleeping          |     8 |     6 |       ||    14
 Armour: Leather armour    |    13 |    34 |    69 ||   116
  Dodge: Dodged            |    69 |   120 |   207 ||   396

Table legend: (Time is in decaauts)
 A = Elapsed time spent in this place.
 B = Non-inter-level travel time spent in this place.
 C = Inter-level travel time spent in this place.
 D = Time resting spent in this place.
 E = Time spent auto-exploring this place.
 F = Levels seen in this place.
 G = Mean time per level.
                   A        B        C        D        E       F      G
               +--------+--------+--------+--------+--------+-----+--------+
         Total |   6698 |   6310 |    388 |    670 |   4339 |   8 |  837.2 |
       Dungeon |   6431 |   6054 |    377 |    670 |   4105 |   7 |  918.7 |
        Temple |    266 |    255 |     11 |      0 |    233 |   1 |  266.0 |
               +--------+--------+--------+--------+--------+-----+--------+

Top non-repeatable levels by time:
     D:5: 1450 daAuts
     D:4: 1420 daAuts
     D:3: 1180 daAuts
     D:1: 1158 daAuts
     D:6: 600 daAuts
     D:2: 556 daAuts
  Temple: 266 daAuts
     D:7: 65 daAuts
